 Dungeon Crawl Stone Soup version 0.30-a0-612-g150a0467c1 (webtiles) character file.

Game seed: 6704179075668921294

10833 kae the Transmogrifier (level 11, -1/91 HPs)
             Began as a Demonspawn Transmuter on Jan 8, 2023.
             Was a Follower of Ru.
             Slain by a death yak (13 damage)
             ... led by a torpor snail
             ... on level 1 of the Lair of Beasts.
             The game lasted 00:15:45 (11227 turns).

kae the Transmogrifier (Demonspawn Transmuter)     Turns: 11227, Time: 00:15:46

Health: -1/91      AC: 11    Str: 12    XL:     11   Next: 41%
Magic:  0/21       EV: 16    Int: 18    God:    Ru [*.....]
Gold:   692        SH:  0    Dex: 15    Spells: 14/24 levels left

rFire   x x .      SeeInvis .      - Unarmed
rCold   + + +      Faith    .    (shield currently unavailable)
rNeg    . . .      Spirit   +    (body armour currently unavailable)
rPois   +          Reflect  .    (helmet currently unavailable)
rElec   +          Harm     .    (cloak currently unavailable)
rCorr   .          Rampage  .    (gloves currently unavailable)
Will    .....                    (boots currently unavailable)
Stlth   ++                       G - amulet of guardian spirit
HPRegen 0.35/turn                E - +5 ring of evasion
MPRegen 0.17/turn                I - ring of Pypo {Ice rElec}

@: lethally poisoned (-1 -> -6), ice-form, wereblooded
A: freezing attack, amphibious, boosted hp, large, (antennae 1), thin skeletal
structure 1, demonic guardian 1, powered by death 2, no hexes magic, no poison
magic, no summoning magic
a: End Transformation, Renounce Religion


You were on level 1 of the Lair of Beasts.
You worshipped Ru.
Ru was aware of your devotion.
You were a creature of crystalline ice.
You visited 3 branches of the dungeon, and saw 12 of its levels.

You collected 692 gold pieces.


Innate Abilities, Weirdness & Mutations

You are a creature of crystalline ice.
You have a powerful freezing melee attack.
You are amphibious.
Your maximum health is increased.
Your armour is entirely melded.
You are incapable of wielding weapons or throwing items.
((You have a pair of small antennae on your head.))
You have a somewhat thin skeletal structure. (Dex +2, Stealth+)
A weak demonic guardian rushes to your aid.
You regenerate health from kills.
You cannot study or cast Hexes magic.
You cannot study or cast Poison magic.
You cannot study or cast Summoning magic.


   Skills:
 + Level 3.8 Fighting
 + Level 3.9 Dodging
 * Level 8.2 Unarmed Combat
 + Level 7.1 Spellcasting
 * Level 10.0 Transmutations
 - Level 7.1 Ice Magic


You had 14 spell levels left.
You knew the following spells:

 Your Spells              Type           Power      Damage    Failure   Level
a - Beastly Appendage     Tmut           84%        N/A       1%          1
b - Wereblood             Tmut           42%        N/A       1%          2
c - Spider Form           Tmut/Pois      24%        N/A       4%          3
d - Ice Form              Ice/Tmut       54%        N/A       3%          4

Your spell library contained the following spells:

 Spells                   Type           Power      Damage    Failure   Level
 Stone Arrow              Conj/Erth      12%        3d7       32%         3
 Animate Dead             Necr           6%         N/A       71%         4
 Borgnjor's Vile Clutch   Necr/Erth      3%         N/A       96%         5
 Death Channel            Necr           3%         N/A       100%        6
 Lehudib's Crystal Spear  Conj/Erth      3%         10d2      100%        8
 Animate Armour           Summ/Erth      Unusable   N/A       N/A         4

Inventory:

Missiles
 e - 13 poisoned darts
 i - 160 stones
 p - 8 boomerangs
 t - 6 javelins
 w - 4 datura-tipped darts
 y - 5 curare-tipped darts {=f}
 K - a throwing net {=f!f}
Armour
 a - a +1 robe (melded)
 c - a +1 cloak (melded)
   (You took it off Crazy Yiuf on level 3 of the Dungeon)
Magical Staves
 l - a staff of earth {!a}
   (You found it on level 3 of the Dungeon)
 O - a staff of poison {!a}
   (You found it on level 9 of the Dungeon)
Jewellery
 v - a ring of see invisible
   (You found it on level 7 of the Dungeon)
 z - a ring of wizardry
   (You found it on level 8 of the Dungeon)
 A - an amulet of the acrobat
   (You found it on level 2 of the Dungeon)
 E - a +5 ring of evasion (left front paw)
   (You found it on level 3 of the Dungeon)
 F - a ring of protection from fire
   (You found it on level 3 of the Dungeon)
 G - an amulet of guardian spirit (around neck)
   (You found it on level 1 of the Dungeon)
 I - the ring of Pypo (right front paw) {Ice rElec}
   (You found it on level 9 of the Dungeon)

   [ring of ice]

   It enhances your ice magic.
   rF:        It makes you vulnerable to fire.
   rC:        It protects you from cold.
   rElec:     It insulates you from electricity.
 J - an amulet of magic regeneration
   (You found it on level 8 of the Dungeon)
 N - a ring of positive energy
   (You found it on level 8 of the Dungeon)
 R - a ring of resist corrosion
   (You found it on level 1 of the Lair of Beasts)
 T - an amulet of faith {!P}
   (You took it off an orc on level 7 of the Dungeon)
 W - a ring of magical power
   (You found it on level 7 of the Dungeon)
 Z - a ring of wizardry
   (You found it on level 4 of the Dungeon)
Wands
 n - a wand of flame (28)
   (You found it on level 3 of the Dungeon)
 o - a wand of acid (13)
   (You found it on level 2 of the Dungeon)
 D - a wand of charming (21)
   (You found it on level 6 of the Dungeon)
 L - a wand of roots (2)
   (You found it on level 9 of the Dungeon)
Scrolls
 d - a scroll of magic mapping {!r}
 k - a scroll of vulnerability {!r!r}
 q - 3 scrolls of fog
 r - 3 scrolls of enchant weapon
 C - 6 scrolls of teleportation {@r4}
 M - a scroll of immolation {!r!r}
 P - 3 scrolls of identify {@r1}
 Q - a scroll of amnesia {unknown}
Potions
 b - a potion of lignification {!q}
 f - a potion of invisibility
 g - 9 potions of curing {@q1}
 h - 5 potions of heal wounds {@q2}
 j - 3 potions of attraction {!q}
 m - 5 potions of might
 s - a potion of haste {@q3}
 u - a potion of mutation {!q}
 x - 2 potions of magic
 B - 4 potions of degeneration {!q}
 H - 2 potions of berserk rage {!q}

Dungeon Overview and Level Annotations

Branches:
Dungeon (10/15) Zot: 25406  Temple (1/1) D:5 Zot: 5886    Lair (1/5) D:8 Zot: 5054
    Orc (0/2) D:9

Altars:
Ashenzari
Cheibriados
Dithmenos
Fedhas
Gozag
Hepliaklqana
Kikubaaqudgha
Makhleb
Nemelex Xobeh
Okawaru
Qazlal
Ru
Sif Muna
Trog
Uskayaw
Vehumet
Wu Jian
Xom
Yredelemnul
Jiyva

Shops:
D:7 [   D:10 (

Annotations:
D:10 3 runed translucent doors, bmj180's ghost, journeyman GrEE

P~PP....................
♣≈~~......!.............
P~P..... .............
P.... .........### #..#
###.###....###
#.###.#..##....''.
#Sl#.....##....##.
#Y##.....#.....#..
#Y##......#....##.
#.##............#.
#4####.#.##....##.
#.#########....##.
#..............##.
#..............###
#.................
#.................
#.................


You could see a death yak (ally target), a water moccasin (slow), a wyvern and a
friendly orange demon (summoned).


Message History

😎 HP[+15] MP[-4]
You now have 91 max hp (+15).
Your hp is fully restored (91).
You lost 4 mp, and now have 17/21 mp.
Unknown command.
A death yak and a water moccasin come into view.
The death yak bellows! 😎 MP[+1]
A wyvern and an electric eel come into view.
The water moccasin closely misses you.
The wyvern bites something.
The wyvern bites something!
The torpor snail bites you. 😕 HP[-3] MP[-1]
You take 3 damage, and now have 88/91 hp.
You lost 1 mp, and now have 17/21 mp.
You hit the death yak but do no damage. The death yak gores you!
The torpor snail bites you!
You punch the death yak! You freeze the death yak.
The death yak closely misses you. 😕 HP[-19] MP[-2]
You take 19 damage, and now have 69/91 hp.
MASSIVE DAMAGE!! (PAUSE)
You lost 2 mp, and now have 15/21 mp.
The death yak attacks as you move away! The death yak gores you!
The torpor snail attacks as you move away!
The torpor snail completely misses you. 😮 HP[-13] MP[-3]
You take 13 damage, and now have 56/91 hp.
You lost 3 mp, and now have 12/21 mp.
The torpor snail attacks as you move away!
The torpor snail bites you but does no damage. 😮 HP[+1]
Casting: Ice Form (dangerous; 3% risk of failure)
Confirm with . or Enter, or press ? or * to list all spells.
Your blood is infused with primal strength.
The torpor snail bites you.
The torpor snail bites you. 😮 HP[-5] MP[-2]
You take 5 damage, and now have 52/91 hp.
You lost 2 mp, and now have 10/21 mp.
You punch the torpor snail! You freeze the torpor snail.
The torpor snail bites you! 😮 HP[-6] MP[-2]
You take 6 damage, and now have 46/91 hp.
You lost 2 mp, and now have 8/21 mp.
You punch the torpor snail! You freeze the torpor snail.
The torpor snail misses you. 😮 HP[+1] Unknown command.
You punch the torpor snail! You freeze the torpor snail.
The torpor snail bites you!!
* * * LOW HITPOINT WARNING * * *
😨 HP[-16] MP[-2]
You take 16 damage, and now have 31/91 hp.
You lost 2 mp, and now have 6/21 mp.
You punch the torpor snail! You freeze the torpor snail.
You feel a bit better.
You kill the torpor snail!
You feel yourself speed up. The water moccasin barely misses you.
Your Transmutations skill increases to level 10! 😨 HP[+4] MP[+1]
You regained 4 hp, and now have 35/91 hp.
You closely miss the water moccasin.
You howl as the wereblood boils in your veins!
The water moccasin completely misses you. 😨 HP[+1]
You closely miss the water moccasin. The water moccasin bites you.
* * * LOW HITPOINT WARNING * * *
You are poisoned.
The water moccasin poisons you! 😨 HP[-1]
You take 1 damage, and now have 35/91 hp.
You punch the water moccasin!
The water moccasin seems to slow down.
You freeze the water moccasin.
You feel very sick.
The water moccasin closely misses you. 😨 HP[-2]
You take 2 damage, and now have 33/91 hp.
You closely miss the water moccasin.
You feel sick. 😨 HP[-2]
You take 2 damage, and now have 31/91 hp.
You punch the death yak! You freeze the death yak.
You feel sick. 😨 HP[-2]
You take 2 damage, and now have 29/91 hp.
You punch the death yak! You freeze the death yak.
You feel sick. The death yak gores you!
* * * LOW HITPOINT WARNING * * *
A demonic guardian appears! 😱 HP[-14] MP[-2]
You take 14 damage, and now have 15/91 hp.
You lost 2 mp, and now have 5/21 mp.
You pummel the death yak!! You freeze the death yak!
You feel sick. The death yak gores you.
* * * LOW HITPOINT WARNING * * *
Unknown command. 😱 HP[-3] MP[-1]
You take 3 damage, and now have 12/91 hp.
You lost 1 mp, and now have 4/21 mp.
Unknown command.
Okay, then.
The death yak attacks as you move away! The death yak gores you!
You die...

Skill      XL: |  1  2  3  4  5  6  7  8  9 10 11 |
---------------+----------------------------------+-----
Transmutations | 2 3 4 5 6 8 9 10 | 10.0
Unarmed Combat | 3 4 5 6 7 8 |  8.2
Poison Magic   | 1 0 |  0.0
Spellcasting   | 3 4 5 6 7 |  7.1
Ice Magic      | 2 3 5 6 7 |  7.1
Dodging        | 3 |  3.9
Fighting       | 3 |  3.8

Action                   |  1- 3 |  4- 6 |  7- 9 | 10-12 || total
-------------------------+-------+-------+-------+-------++-------
Melee: Unarmed           |    99 |   142 |   273 |   264 ||   778
       Kick              |    18 |     4 |       |       ||    22
       Headbutt          |    12 |       |       |       ||    12
       Punch             |     1 |       |       |       ||     1
 Cast: Beastly Appendage |    21 |     7 |       |       ||    28
       Spider Form       |     3 |    13 |     1 |       ||    17
       Ice Form          |       |     2 |    32 |    28 ||    62
       Wereblood         |       |       |     7 |    11 ||    18
Invok: Sacrifice Arcana  |       |       |       |     1 ||     1
Evoke: Wand              |       |       |       |     3 ||     3
  Use: Scroll            |       |     9 |     9 |     4 ||    22
       Potion            |       |     1 |       |       ||     1
 Stab: Sleeping          |     1 |     1 |     1 |     2 ||     5
Armor: Robe              |     8 |    10 |     1 |       ||    19
       Skin              |     1 |     9 |    59 |    53 ||   122
Dodge: Dodged            |    64 |   124 |   184 |   204 ||   576

Levels and vault maps discovered:
D:1:      dpeg_arrival_round_b, layout_rooms, basic_ecumenical_altar
D:2:      layout_basic, kennysheep_generic_room_6, uniq_jessica
D:3:      layout_rooms, uniq_natasha, uniq_ijyb, uniq_crazy_yiuf_cottage
D:4:      layout_basic, uniq_menkaure
D:5:      layout_basic, minmay_temple_entry_glassed_door, uniq_duvessa
D:6:      layout_rooms
D:7:      nicolae_cairo_tiling_large, layout_basic, serial_demonic,
          serial_demonic_f, serial_demonic_g, serial_demonic_e,
          serial_demonic_b, serial_shops, shop_fountains
D:8:      layout_loops_cross, mainiacjoe_overflow_tiny_flanked, minitemple,
          erik_lair_orcish_takeover, hangedman_decor_opposing
D:9:      layout_grid_maze, david_orc_2, amcnicky_mini_pool_medium
D:10:     layout_basic, nicolae_overflow_hidden_temple,
          grunt_temple_overflow_open, mainiacjoe_overflow_big_doors,
          gammafunk_ghost_ooze, serial_shops, shop
Temple:   hellmonk_temple_beads
Lair:1:   layout_regular_city, grunt_megastairs_5, infiniplex_staircase_pool_2,
          serial_bayou_shore_b, serial_bayou_shore_b, lemuel_fruit_tree,
          serial_bayou_shore_b

Notes
Turn   | Place    | Note
-------+----------+-------------------------------------------
     0 | D:1      | kae the Demonspawn Transmuter began the quest for the Orb.
     0 | D:1      | Reached XP level 1. HP: 15/15 MP: 3/3
     0 | D:1      | magus.rc [v1.11.3]
    83 | D:1      | Reached skill level 2 in Transmutations
   142 | D:1      | Gained mutation: You regenerate a little health from kills.
                  | [demonic ancestry]
   142 | D:1      | Reached XP level 2. HP: 21/21 MP: 3/5
   257 | D:1      | HP: 5/21 [dart slug/slug dart (3)]
   259 | D:1      | Reached skill level 3 in Unarmed Combat
   357 | D:1      | Found a faded altar of an unknown god.
   412 | D:1      | Gained mutation: You regenerate health from kills. [demonic
                  | ancestry]
   412 | D:1      | Reached XP level 3. HP: 25/26 MP: 3/6
   419 | D:1      | Learned a level 2 spell: Wereblood
   423 | D:1      | Learned a level 3 spell: Spider Form
   837 | D:2      | HP: 6/26 [poisoned by an adder]
  1302 | D:2      | Noticed Jessica
  1313 | D:2      | Killed Jessica
  1314 | D:2      | Reached skill level 3 in Transmutations
  1314 | D:2      | Gained mutation: You have a pair of small antennae on your
                  | head. [demonic ancestry]
  1314 | D:2      | Reached XP level 4. HP: 32/32 MP: 4/7
  1746 | D:3      | Found a runed translucent door.
  1747 | D:3      | Noticed Crazy Yiuf
  1756 | D:3      | Killed Crazy Yiuf
  1757 | D:3      | Reached skill level 1 in Poison Magic
  1909 | D:3      | Noticed Ijyb
  1980 | D:3      | Killed Ijyb
  1981 | D:3      | Gained mutation: You have a somewhat thin skeletal
                  | structure. (Dex +2, Stealth+) [demonic ancestry]
  1981 | D:3      | Reached XP level 5. HP: 37/37 MP: 2/9
  2092 | D:3      | You pick up a book of Armaments and begin reading...
  2092 | D:3      | You add the spells Stone Arrow, Animate Armour and
                  | Lehudib's Crystal Spear to your library.
  2199 | D:3      | Noticed Natasha
  2210 | D:3      | Killed Natasha
  2211 | D:3      | Reached skill level 3 in Spellcasting
  2214 | D:3      | Noticed Natasha
  2222 | D:3      | Killed Natasha
  2269 | D:3      | Noticed Natasha
  2461 | D:3      | Reached skill level 4 in Transmutations
  2497 | D:3      | You pick up a book of Unlife and begin reading...
  2497 | D:3      | You add the spells Animate Dead, Borgnjor's Vile Clutch and
                  | Death Channel to your library.
  2509 | D:3      | Killed Natasha
  2654 | D:4      | Learned a level 4 spell: Ice Form
  2665 | D:4      | Gained mutation: A weak demonic guardian rushes to your
                  | aid. [demonic ancestry]
  2665 | D:4      | Reached XP level 6. HP: 43/43 MP: 6/10
  2764 | D:4      | Reached skill level 1 in Ice Magic
  3205 | D:4      | Noticed Menkaure
  3262 | D:4      | Killed Menkaure
  3263 | D:4      | Reached skill level 4 in Unarmed Combat
  3263 | D:4      | Reached skill level 2 in Ice Magic
  3263 | D:4      | Reached XP level 7. HP: 41/48 MP: 2/12
  3415 | D:5      | Entered Level 5 of the Dungeon
  3492 | D:5      | Reached skill level 5 in Transmutations
  3535 | D:5      | Noticed Duvessa
  3535 | D:5      | Noticed Dowan
  3548 | D:5      | Killed Duvessa
  3553 | D:5      | Killed Dowan
  3621 | D:5      | Reached skill level 4 in Spellcasting
  3621 | D:5      | Reached skill level 3 in Ice Magic
  3683 | D:5      | Found a staircase to the Ecumenical Temple.
  3689 | Temple   | Entered the Ecumenical Temple
  4084 | D:5      | Reached XP level 8. HP: 54/54 MP: 6/14
  4384 | D:6      | Reached skill level 6 in Transmutations
  4384 | D:6      | Reached skill level 4 in Ice Magic
  4529 | D:6      | Reached skill level 5 in Unarmed Combat
  4873 | D:6      | Reached skill level 5 in Ice Magic
  5450 | D:7      | Noticed a hornet
  5455 | D:7      | Paralysed by a hornet for 3 turns
  5461 | D:7      | Killed a hornet
  5462 | D:7      | Reached XP level 9. HP: 25/59 MP: 5/16
  5463 | D:7      | Reached skill level 5 in Spellcasting
  5463 | D:7      | Reached skill level 7 in Transmutations
  6004 | D:7      | Found Mufaaq's Armour Emporium.
  6022 | D:7      | Reached skill level 6 in Ice Magic
  6533 | D:8      | Found a staircase to the Lair.
  6564 | D:8      | Reached skill level 6 in Unarmed Combat
  6565 | D:8      | Reached skill level 8 in Transmutations
  6693 | D:8      | Reached XP level 10. HP: 62/65 MP: 13/18
  7076 | D:8      | Found a sacrificial altar of Ru.
  7130 | D:8      | Found a radiant altar of Vehumet.
  7132 | D:8      | Found a bloodstained altar of Trog.
  7137 | D:8      | Found a burning altar of Makhleb.
  7137 | D:8      | Found an ornate altar of the Wu Jian Council.
  7139 | D:8      | Found a blossoming altar of Fedhas.
  7202 | D:8      | Became a worshipper of Ru the Awakened
  7307 | D:9      | Reached skill level 7 in Ice Magic
  7431 | D:9      | Identified the ring of Pypo {Ice rElec}
  7615 | D:9      | Reached skill level 6 in Spellcasting
  7697 | D:9      | HP: 19/78 [gnoll/+0 club[a gnoll bouda] (3)]
  7703 | D:9      | HP: 19/78 [gnoll/+2 spear of freezing[a gnoll bouda] (2)]
  7911 | D:9      | Reached skill level 2 in Dodging
  8055 | D:9      | Found a staircase to the Orcish Mines.
  8682 | D:10     | Entered Level 10 of the Dungeon
  8706 | D:10     | Noticed a two-headed ogre
  8716 | D:10     | Killed a two-headed ogre
  8717 | D:10     | Reached skill level 2 in Fighting
  8717 | D:10     | Reached skill level 9 in Transmutations
  8727 | D:10     | Reached skill level 7 in Unarmed Combat
  8806 | D:10     | Found an ancient bone altar of Kikubaaqudgha.
  8806 | D:10     | Found a broken altar of Ashenzari.
  8830 | D:10     | Found an iron altar of Okawaru.
  8854 | D:10     | Found an opulent altar of Gozag.
  8869 | D:10     | Found a hide-covered altar of Uskayaw.
  8900 | D:10     | Noticed a two-headed ogre
  8907 | D:10     | Killed a two-headed ogre
  8908 | D:10     | Reached skill level 3 in Dodging
  9065 | D:10     | Found Cearurec's Weapon Shop.
  9167 | D:10     | Found a hazy altar of Hepliaklqana.
  9358 | D:10     | Found a runed translucent gate.
  9358 | D:10     | Found a runed translucent gate.
  9358 | D:10     | Found a runed translucent gate.
  9359 | D:10     | Found a viscous altar of Jiyva.
  9359 | D:10     | Noticed bmj180's ghost (journeyman GrEE)
  9359 | D:10     | Noticed a glowing orange brain
  9435 | D:10     | Reached skill level 3 in Fighting
  9458 | D:10     | Gained mutation: You cannot study or cast Poison magic. [Ru
                  | sacrifice]
  9458 | D:10     | Gained mutation: You cannot study or cast Hexes magic. [Ru
                  | sacrifice]
  9458 | D:10     | Gained mutation: You cannot study or cast Summoning magic.
                  | [Ru sacrifice]
  9458 | D:10     | Reduced skill Poison Magic to level 0
  9458 | D:10     | Reached * piety under Ru
  9657 | D:10     | Identified the +9 quarterstaff "Teofidgho" {heavy, Will+}
  9680 | D:10     | Found a basalt altar of Yredelemnul.
 10156 | Lair:1   | Entered Level 1 of the Lair of Beasts
 10157 | Lair:1   | Noticed a cane toad
 10167 | Lair:1   | Killed a cane toad
 10168 | Lair:1   | Reached XP level 11. HP: 71/75 MP: 9/21
 10430 | Lair:1   | Identified the -2 cloak of the Watermelon {rN+}
 10804 | Lair:1   | Reached skill level 8 in Unarmed Combat
 10804 | Lair:1   | Reached skill level 7 in Spellcasting
 11206 | Lair:1   | Noticed a death yak
 11220 | Lair:1   | Reached skill level 10 in Transmutations
 11225 | Lair:1   | HP: 15/91 [death yak[a torpor snail] (13)]
 11227 | Lair:1   | Slain by a death yak

Vanquished Creatures
  2 two-headed ogres (D:10)
  A torpor snail (Lair:1)
  5 cane toads (Lair:1)
  A rime drake (Lair:1)
  A komodo dragon (Lair:1)
  A troll (D:9)
  A hornet (D:7)
  9 yaks
  A wraith (D:9)
  2 steam dragons
  Menkaure (D:4)
  3 wargs (D:8)
  An acid dragon (D:10)
  3 water moccasins
  Duvessa (D:5)
  2 ice beasts
  3 orc warriors
  3 black bears
  3 ogres
  2 centaurs
  A kobold brigand (D:9)
  A necrophage (D:4)
  8 bullfrogs
  3 gnoll sergeants
  2 scorpions (D:7)
  11 wights
  5 killer bees (D:8)
  4 howler monkeys
  3 electric eels (D:10)
  A lava snake (D:9)
  3 jellies
  2 orc priests
  A gnoll bouda (D:9)
  5 hounds
  Crazy Yiuf (D:3)
  2 iguanas
  Ijyb (D:3)
  Jessica (D:2)
  Natasha (thrice) (D:3)
  10 orc wizards
  5 adders
  15 gnolls
  2 shadow imps
  4 white imps
  An ufetubus (D:6)
  5 dart slugs
  2 worms
  30 orcs
  10 ball pythons
  3 bats
  6 endoplasms
  4 giant cockroaches
  5 goblins
  12 hobgoblins
  3 quokkas
  A frilled lizard (D:3)
  2 kobolds
  5 rats
229 creatures vanquished.

Vanquished Creatures (collateral kills)
  Dowan (D:5)
  An orc priest (D:10)
  An orc (D:9)
3 creatures vanquished.

Vanquished Creatures (others)
  A gnoll (D:9)
  8 demonic plants (D:7)
  2 fungi (Lair:1)
  5 plants (Lair:1)
16 creatures vanquished.

Grand Total: 248 creatures vanquished

Table legend:
 A = Non-vault XP
 B = Vault XP
 C = Vault XP percentage of total XP
 D = Non-vault monster count
 E = Vault monster count
 F = Vault count percentage of total count
                 A         B        C        D         E       F
            +---------+---------+-------+---------+---------+-------
      Total |   12590 |    2886 |  18.6 |     197 |      35 |  15.1
            +---------+---------+-------+---------+---------+-------
        D:1 |      47 |       0 |   0.0 |      22 |       0 |   0.0
        D:2 |      35 |      40 |  53.3 |      13 |       3 |  18.8
        D:3 |     110 |     113 |  50.7 |      17 |       3 |  15.0
        D:4 |     287 |     175 |  37.9 |      21 |       1 |   4.5
        D:5 |     553 |     211 |  27.6 |       9 |       2 |  18.2
        D:6 |    1108 |       0 |   0.0 |      18 |       0 |   0.0
        D:7 |    1401 |      41 |   2.8 |      16 |       4 |  20.0
        D:8 |    1980 |     725 |  26.8 |      29 |      10 |  25.6
        D:9 |    1135 |     745 |  39.6 |      19 |      10 |  34.5
       D:10 |    3147 |       0 |   0.0 |      23 |       0 |   0.0
     Lair:1 |    2787 |     836 |  23.1 |      10 |       2 |  16.7
            +---------+---------+-------+---------+---------+-------

Illustrated notes

Table legend:
 A = Kills in this place as a percentage of kills in entire the game.
 B = Kills by you in this place as a percentage of kills by you in the entire game.
 C = Kills by friends in this place as a percentage of kills by friends in the entire game.
 D = Other kills in this place as a percentage of other kills in the entire game.
 E = Experience gained in this place as a percentage of experience gained in the entire game.
 F = Experience gained in this place divided by the number of levels of this place that you have seen.
                   A       B       C       D       E      F
               +-------+-------+-------+-------+-------+----------------------
         Total | 100.0 | 100.0 | 100.0 |   N/A | 100.0 | 1289.7
       Dungeon |  94.8 |  94.8 | 100.0 |   N/A |  76.6 | 1185.3
          Lair |   5.2 |   5.2 |   0.0 |   N/A |  23.4 | 3623.0
               +-------+-------+-------+-------+-------+----------------------

Table legend: (Time is in decaauts)
 A = Elapsed time spent in this place.
 B = Non-inter-level travel time spent in this place.
 C = Inter-level travel time spent in this place.
 D = Time resting spent in this place.
 E = Time spent auto-exploring this place.
 F = Levels seen in this place.
 G = Mean time per level.
                   A        B        C        D        E       F      G
               +--------+--------+--------+--------+--------+-----+--------+
         Total |  11172 |  10854 |    318 |    371 |   8477 |  12 |  931.0 |
       Dungeon |  10113 |   9809 |    304 |    369 |   7595 |  10 | 1011.3 |
        Temple |    113 |    100 |     13 |      0 |     93 |   1 |  113.0 |
          Lair |    946 |    946 |      0 |      2 |    789 |   1 |  946.0 |
               +--------+--------+--------+--------+--------+-----+--------+

Top non-repeatable levels by time:
    D:10: 1435 daAuts
     D:9: 1362 daAuts
     D:8: 1232 daAuts
     D:2: 1063 daAuts
     D:7: 993 daAuts
  Lair:1: 946 daAuts
     D:6: 899 daAuts
     D:4: 823 daAuts
     D:3: 788 daAuts
     D:5: 783 daAuts
     D:1: 730 daAuts
  Temple: 113 daAuts
